 Dungeon Crawl Stone Soup version 0.28-a0-828-g0121872642 (webtiles) character file.

Game seed: 11839553458809360805

240 AlleluiaPinecone the Chopper (level 6, 0/53 HPs)
             Began as a Hill Orc Fighter on Nov 10, 2021.
             Was an Elder of Dithmenos.
             Slain by a bullfrog (6 damage)
             ... in a sewer.
             The game lasted 00:08:02 (4017 turns).

AlleluiaPinecone the Chopper (Hill Orc Fighter)     Turns: 4017, Time: 00:08:02

Health: 0/53       AC: 13    Str: 19    XL:     6   Next: 8%
Magic:  6/6        EV:  6    Int:  8    God:    Dithmenos [****..]
Gold:   88         SH:  5    Dex: 12    Spells: 5/5 levels left

rFire   + . .      SeeInvis .   a - +0 war axe
rCold   . . .      Faith    +   c - +0 buckler
rNeg    . . .      Spirit   .   o - +0 plate armour
rPois   .          Reflect  .   n - +1 hat
rElec   .          Harm     .   (no cloak)
rCorr   .          Rampage  .   (no gloves)
Will    .....                   (no boots)
Stlth   ..........              e - amulet of faith
HPRegen 0.17/turn               i - ring of wizardry
MPRegen 0.10/turn               v - ring of protection from fire

@: wreathed by umbra
A: no striking features
a: Renounce Religion, Shadow Step


You were in a sewer.
You worshipped Dithmenos.
Dithmenos was greatly pleased with you.
You visited 1 branch of the dungeon, and saw 3 of its levels.
You also visited: Sewer.

You collected 88 gold pieces.

Inventory:

Hand Weapons
 a - a +0 war axe (weapon)
 b - a +0 arbalest
Missiles
 f - 56 sling bullets
 g - 40 arrows
 h - 24 poisoned darts (quivered)
 l - 54 stones
Armour
 c - a +0 buckler (worn)
 n - a +1 hat (worn)
 o - a +0 plate armour (worn)
Jewellery
 e - an amulet of faith (around neck)
 i - a ring of wizardry (left hand)
 s - a ring of magical power
 v - a ring of protection from fire (right hand)
 w - a ring of protection from fire
Scrolls
 j - 2 scrolls of enchant weapon {unknown}
 p - a scroll of amnesia {unknown}
 q - a scroll of identify {unknown}
 t - a scroll of holy word {unknown}
 u - 2 scrolls of acquirement {unknown}
 y - a scroll of enchant armour {unknown}
 A - 2 scrolls of fog {unknown}
Potions
 d - a potion of might
 k - 3 potions of mutation {unknown}
 m - 5 potions of haste {unknown}
 r - a potion of curing {unknown}
 x - 2 potions of invisibility {unknown}
 z - a potion of resistance {unknown}


   Skills:
 + Level 4.5 Fighting
 + Level 5.3 Axes
 + Level 4.8 Armour
 + Level 0.7 Dodging
 + Level 4.0 Shields


You had 5 spell levels left.
You didn't know any spells.
Your spell library was empty.

Dungeon Overview and Level Annotations

Branches:
Dungeon (3/15)              Sewer (1/1)

Altars:
Dithmenos

Annotations:
D:3 1 runed translucent door, ASSMAN's ghost, amateur MfBr


Message History

* * * LOW HITPOINT WARNING * * *
The adder closely misses you. The bullfrog closely misses you.
You block the ball python's attack. The ball python barely misses you.
You block the adder's attack. The bullfrog barely misses you.
The ball python bites you.
* * * LOW HITPOINT WARNING * * *
The ball python grabs you. The ball python constricts you.
You block the bullfrog's attack. The adder bites you but does no damage.
The bullfrog hits you but does no damage.
You escape the ball python's grasp.
The bullfrog barely misses you. You block the bullfrog's attack.
The bullfrog hits you but does no damage.
The adder barely misses you.
The bullfrog hits you but does no damage.
The bullfrog hits you but does no damage.
You block the bullfrog's attack. The frilled lizard barely misses you.
You block the bullfrog's attack. The bullfrog hits you.
* * * LOW HITPOINT WARNING * * *
The bullfrog snags a nearby centipede with its tongue.
The bullfrog hits you.
* * * LOW HITPOINT WARNING * * *
You open the door.
The frilled lizard bites you but does no damage.
The bullfrog barely misses you.
Found seven items.
Found a gate leading back out of this place.
The bullfrog hits you but does no damage. x2
The bullfrog hits you.
* * * LOW HITPOINT WARNING * * *
There is an open door here.
You closely miss the bullfrog.
The bullfrog is moderately wounded.
You closely miss the bullfrog.
The bullfrog hits you but does no damage.
You block the bullfrog's attack. x2; The bullfrog barely misses you.
You hit the bullfrog.
The bullfrog is heavily wounded.
You closely miss the bullfrog. The bullfrog hits you.
You die...

### ######..
###### ####
##.......
##....##!?!#
##........
#....SF@?∩?#
#.........
#....lF#!?!#
##......##'
#.....S#####
#......##..
##.....#
##≈≈.≈###..
#≈≈≈#≈≈#
#≈≈≈≈≈≈####
#≈≈≈≈≈≈#
#≈≈≈≈≈≈#
#≈≈≈≈≈≈#
#≈≈≈≈≈≈#
#≈≈≈≈≈≈#
#≈≈≈≈≈≈#
#≈#≈≈≈≈#
#≈≈≈≈≈≈#


You could see 2 bullfrogs, an adder, a ball python and a frilled lizard.

Vanquished Creatures
  8 adders
  6 river rats (Sewer)
  2 dart slugs
  4 orcs (D:3)
  8 endoplasms
  4 giant cockroaches (D:3)
  7 goblins
  7 hobgoblins
  7 jackals
  2 quokkas (D:3)
  14 ball pythons
  6 bats
  4 frilled lizards
  5 kobolds
  27 rats
111 creatures vanquished.

Vanquished Creatures (others)
  A plant (D:3)
1 creature vanquished.

Grand Total: 112 creatures vanquished

Notes
Turn   | Place    | Note
-------+----------+-------------------------------------------
     0 | D:1      | AlleluiaPinecone the Hill Orc Fighter began the quest for
                  | the Orb.
     0 | D:1      | Reached XP level 1. HP: 19/19 MP: 1/1
   284 | D:1      | Found a faded altar of an unknown god.
   287 | D:1      | Prayed at the altar of an unknown god.
   287 | D:1      | Became a worshipper of Dithmenos the Shadowed
   287 | D:1      | Reached * piety under Dithmenos
   414 | D:1      | Reached XP level 2. HP: 27/27 MP: 2/2
   685 | D:1      | Reached skill level 3 in Axes
   750 | D:1      | Reached XP level 3. HP: 33/33 MP: 3/3
   782 | D:1      | Reached ** piety under Dithmenos
  1585 | D:2      | Reached XP level 4. HP: 26/40 MP: 4/4
  2023 | D:2      | Reached skill level 4 in Axes
  2533 | D:3      | Reached *** piety under Dithmenos
  2623 | D:3      | Found a runed translucent door.
  2625 | D:3      | Noticed ASSMAN's ghost (amateur MfBr)
  2700 | D:3      | Found a glowing drain.
  2714 | Sewer    | Entered a sewer
  2731 | Sewer    | Reached XP level 5. HP: 44/46 MP: 5/5
  2819 | Sewer    | Reached skill level 5 in Axes
  3307 | Sewer    | Reached **** piety under Dithmenos
  3882 | Sewer    | Reached XP level 6. HP: 40/53 MP: 6/6
  4017 | Sewer    | Slain by a bullfrog

Illustrated notes

Levels and vault maps discovered:
D:1:      sevenhm_arrival_forest_fort_small_3, layout_loops_ring, serial_forest,
          infiniplex_forest_lined_1, infiniplex_forest_clump_medium,
          infiniplex_forest_lined_room_, infiniplex_forest_side_room,
          infiniplex_forest_straight_3, infiniplex_forest_lined_3,
          infiniplex_forest_end_2, infiniplex_forest_lined_4_way,
          hellmonk_ecumenical_altar_heavens_door, dk_noncrumbling_3
D:2:      layout_basic
D:3:      corexii_shack_village, layout_basic, minitemple, gup_sewer_entry_pipe,
          serial_rivers, chequers_serial_rivers_micro_e,
          chequers_serial_rivers_room_b, chequers_serial_rivers_room_b,
          chequers_serial_rivers_micro_b, chequers_serial_rivers_micro_d,
          chequers_serial_rivers_large_a, ebering_ghost_sewer_d
Sewer:    sewer_minmay_w

Skill      XL: |  1  2  3  4  5 |
---------------+----------------+-----
Axes           | 3 4 5 |  5.3
Fighting       | 4 |  4.5
Armour         | 4 |  4.8
Shields        | 4 |  4.0
Dodging        | |  0.7

Action                   |  1- 3 |  4- 6 || total
-------------------------+-------+-------++-------
Melee: War axe           |   138 |   184 ||   322
Armor: Scale mail        |    37 |       ||    37
       Plate armour      |    51 |   184 ||   235
Dodge: Dodged            |    85 |    91 ||   176
Block: Buckler           |    27 |    70 ||    97

Table legend: (Time is in decaauts)
 A = Elapsed time spent in this place.
 B = Non-inter-level travel time spent in this place.
 C = Inter-level travel time spent in this place.
 D = Time resting spent in this place.
 E = Time spent auto-exploring this place.
 F = Levels seen in this place.
 G = Mean time per level.
                   A        B        C        D        E       F      G
               +--------+--------+--------+--------+--------+-----+--------+
         Total |   4174 |   4122 |     52 |    791 |   2532 |   4 | 1043.5 |
       Dungeon |   2799 |   2747 |     52 |      0 |   2161 |   3 |  933.0 |
         Sewer |   1375 |   1375 |      0 |    791 |    371 |   1 | 1375.0 |
               +--------+--------+--------+--------+--------+-----+--------+

Top non-repeatable levels by time:
   Sewer: 1375 daAuts
     D:2: 1297 daAuts
     D:1: 949 daAuts
     D:3: 552 daAuts
